 Dungeon Crawl Stone Soup version 0.29.1-12-g30fa7ad0bf (webtiles) character file.

Game seed: 9955935825026429225

107 FexLirch the Digger (level 5, -2/38 HPs)
             Began as a Meteoran Earth Elementalist on Jan 3, 2023.
             Slain by an iguana (10 damage)
             ... on level 5 of the Dungeon.
             The game lasted 00:03:51 (581 turns).

FexLirch the Digger (Meteoran Earth Elementalist)    Turns: 581, Time: 00:03:51

Health: -2/38      AC: -6    Str:  9    XL:     5   Next: 33%
Magic:  0/11       EV: 13    Int: 18    God:
Gold:   25         SH:  0    Dex: 15    Spells: 5/11 levels left

rFire   . . .      SeeInvis .   f - +0 short sword
rCold   . . .      Faith    .   (no shield)
rNeg    . . .      Spirit   .   a - +0 robe
rPois   .          Reflect  .   (no helmet)
rElec   .          Harm     .   (no cloak)
rCorr   .          Rampage  .   (no gloves)
Will    .....                   (no boots)
Stlth   +.........              (no amulet)
HPRegen 0.12/turn               (no ring)
MPRegen 0.12/turn               (no ring)

@: corroded, very slightly contaminated, glowing
A: sense surroundings 1, otherworldly, glowing, explore regen
a: no special abilities


You were on level 5 of the Dungeon.
You visited 1 branch of the dungeon, and saw 5 of its levels.

You collected 25 gold pieces.

Inventory:

Hand Weapons
 f - a +0 short sword (weapon)
Missiles
 o - 3 curare-tipped darts
Armour
 a - a +0 robe (worn)
Scrolls
 e - a scroll of immolation {unknown}
 g - a scroll of summoning {unknown}
 h - a scroll of torment {unknown}
 k - a scroll of acquirement {unknown}
 l - a scroll of magic mapping {unknown}
 n - a scroll of blinking {unknown}
 p - a scroll of identify {unknown}
Potions
 b - a potion of magic
 c - 3 potions of curing {unknown}
 d - a potion of resistance {unknown}
 i - a potion of mutation {unknown}
 j - a potion of flight {unknown}
 m - a potion of heal wounds {unknown}


   Skills:
 - Level 2.8 Dodging
 - Level 1.6 Stealth
 + Level 3.9 Spellcasting
 + Level 2.1 Conjurations
 - Level 1.7 Transmutations
 + Level 4.6 Earth Magic


You had 5 spell levels left.
You knew the following spells:

 Your Spells              Type           Power      Damage    Failure   Level
a - Sandblast             Erth           40%        2d10      2%          1
b - Passwall              Tmut/Erth      12%        N/A       6%          2
c - Stone Arrow           Conj/Erth      30%        3d8       11%         3

Your spell library contained the following spells:

 Spells                   Type           Power      Damage    Failure   Level
 Dazzling Flash           Conj/Hex       14%        N/A       28%         3
 Petrify                  Tmut/Erth      15%        N/A       36%         4
 Agony                    Necr           3%         N/A       99%         5
 Silence                  Hex/Air        1%         N/A       99%         5


Dungeon Overview and Level Annotations

Branches:
Dungeon (5/15) Zot: 2404
 Temple: D:4-7

Altars:
Uskayaw


Innate Abilities, Weirdness & Mutations

You passively map a small area around you.
You are easily found by Zot.
You glow in the dark.
You regain HP and MP as you explore.


Message History

You begin to meditate on the wall.
You continue meditating on the rock. x3
You finish merging with the rock.
Found a stone and 7 gold pieces.
Casting: Passwall (safe; 6% risk of failure)
Confirm with . or Enter, or press ? or * to list all spells.
Aiming: Passwall (safe; 6% risk of failure)
Press: ? - help, Dir - move target A rock wall.
You miscast Passwall.
You are very lightly contaminated with residual magic.
Nothing appears to happen.
The white imp shouts!
The iguana hisses angrily.
The gnoll bouda shouts!
You hear an angry hiss.
The white imp gestures at you. The puff of frost hits you!
The gnoll bouda hits you with a +0 whip.
Unknown command.
Unknown command.
Unknown command.
Unknown command.
Unknown command.
Found a scroll labelled IHUS RI MOIR.
The iguana closely misses you.
An iguana comes into view.
The white imp gestures at you. The puff of frost misses you.
Found 6 gold pieces and a clear potion.
The iguana hisses menacingly.
You hit the iguana but do no damage. The iguana barely misses you.
Casting: Passwall (safe; 6% risk of failure)
Confirm with . or Enter, or press ? or * to list all spells.
Aiming: Passwall (safe; 6% risk of failure)
Press: ? - help, Dir - move target A rock wall.
The iguana bites you. The white imp hits you.
* * * LOW HITPOINT WARNING * * *
The white imp freezes you.
* * * LOW HITPOINT WARNING * * *
You begin to meditate on the wall.
You continue meditating on the rock.
The iguana bites you!
You die...

,### #!$ ### ,
*.#.#.# ## #
..#..#.## #
..#.#$.(#...#.##*
,
......#.?.#.....
, #..g#...# *
#...#l5#, * * #.#
#@## * # *#### *
** #.# * , #<# *
#.# * #.# , ,,
#.# * *
#########.#
..........#


You could see a gnoll bouda, an iguana and a white imp.

Vanquished Creatures
  A jelly (D:5)
  An iguana (D:4)
  3 adders
  A worm (D:2)
  An orc (D:4)
  6 endoplasms
  A giant cockroach (D:4)
  A goblin (D:4)
  3 jackals (D:1)
  A bat (D:2)
  A frilled lizard (D:2)
  2 kobolds (D:1)
  2 rats
24 creatures vanquished.

Notes
Turn   | Place    | Note
-------+----------+-------------------------------------------
     0 | D:1      | FexLirch the Meteoran Earth Elementalist began the quest
                  | for the Orb.
     0 | D:1      | Reached XP level 1. HP: 14/14 MP: 5/5
    29 | D:1      | Reached XP level 2. HP: 3/20 MP: 0/6
    47 | D:1      | Found a faded altar of an unknown god.
   125 | D:2      | Reached XP level 3. HP: 24/26 MP: 5/8
   128 | D:2      | Learned a level 2 spell: Passwall
   132 | D:2      | Learned a level 3 spell: Stone Arrow
   199 | D:2      | Reached skill level 4 in Earth Magic
   360 | D:4      | Reached skill level 1 in Conjurations
   360 | D:4      | Reached XP level 4. HP: 33/33 MP: 3/10
   528 | D:4      | Noticed a +0 spear
   528 | D:4      | Noticed a +0 short sword
   528 | D:4      | Noticed a +0 falchion
   529 | D:4      | Noticed a +0 dagger
   529 | D:4      | Noticed a +0 falchion
   529 | D:4      | Noticed a +0 short sword
   529 | D:4      | Noticed a +0 spear
   530 | D:4      | Noticed a +0 dagger
   536 | D:4      | Found a hide-covered altar of Uskayaw.
   554 | D:5      | Entered Level 5 of the Dungeon
   558 | D:5      | Reached XP level 5. HP: 18/38 MP: 1/11
   581 | D:5      | Slain by an iguana

Illustrated notes

Levels and vault maps discovered:
D:1:      scummos_arrival_simple_fountains, layout_basic,
          dreamdust_ecumenical_altar_statues
D:2:      layout_basic, chequers_serial_rivers_marsh,
          amcnicky_mini_rare_corridor_liquid
D:3:      layout_basic, minmay_misc_feat_diagonals, patterned_corridor,
          uniq_grinder
D:4:      layout_basic, nicolae_uskayaw_en_pointe,
          minmay_overflow_temple_star_quad, kennysheep_opposing_triangles
D:5:      minmay_spotlight, layout_loops_ring, minmay_temple_entry_stoned_glass

Skill      XL: |  1  2  3  4 |
---------------+-------------+-----
Spellcasting   | 3 |  3.9
Earth Magic    | 4 |  4.6
Conjurations   | 1 2 |  2.1
Dodging        | |  2.8
Stealth        | |  1.6
Transmutations | |  1.7

Action                   |  1- 3 |  4- 6 || total
-------------------------+-------+-------++-------
Melee: Short sword       |       |     1 ||     1
 Cast: Sandblast         |    24 |     5 ||    29
       Passwall          |     4 |     3 ||     7
       Stone Arrow       |     2 |     3 ||     5
Armor: Robe              |     2 |       ||     2
Dodge: Dodged            |    11 |     4 ||    15
